 Dungeon Crawl Stone Soup version 0.29.1-1-gd02db6906a (webtiles) character file.

Game seed: 14647421332869649945

1421 Colgate the Fighter (level 9, -7/80 (81) HPs)
             Began as a Formicid Hunter on Sept 27, 2022.
             Was a Follower of Jiyva.
             Mangled by a shadow wraith (12 damage)
             ... created by the anger of Yredelemnul
             ... on level 6 of the Dungeon.
             The game lasted 00:15:31 (6859 turns).

Colgate the Fighter (Formicid Hunter)               Turns: 6859, Time: 00:15:31

HP:   -7/80 (81)    AC:  5    Str: 16    XL:     9   Next: 2%
MP:   9/9           EV: 12    Int:  9    God:    Jiyva [*.....]
Gold: 243           SH:  9    Dex: 21    Spells: 8/8 levels left

rFire   . . .      SeeInvis +   a - +0 shortbow
rCold   + . .      Faith    .   q - +0 buckler
rNeg    . . .      Spirit   .   c - +0 leather armour
rPois   .          Reflect  +   (helmet unavailable)
rElec   .          Harm     .   m - +0 cloak
rCorr   .          Rampage  .   (no gloves)
Will    .....                   v - +0 pair of boots
Stlth   ++........              r - amulet of reflection
HPRegen 1.03/turn               p - ring of protection from cold
MPRegen 0.36/turn               u - ring of wizardry

@: weak-willed, lightly drained
A: permanent stasis, dig shafts and tunnels, antennae 3, four strong arms
a: Dig, Shaft Self, Renounce Religion


You were on level 6 of the Dungeon.
You worshipped Jiyva.
Jiyva was aware of your devotion.
You visited 1 branch of the dungeon, and saw 6 of its levels.
You also visited: Sewer.

You collected 243 gold pieces.

Inventory:

Hand Weapons
 a - a +0 shortbow (weapon)
 w - the +2 spear of Xefamom {flame, Fragile rPois Int+4}
   (You took it off a kobold on level 3 of the Dungeon)

   It burns those it strikes, dealing additional fire damage.
   Int:       It affects your intelligence (+4).
   rPois:     It protects you from poison.
   Fragile:   It will be destroyed if unequipped.
Armour
 c - a +0 leather armour (worn)
 m - a +0 cloak (worn)
 q - a +0 buckler (worn)
 v - a +0 pair of boots (worn)
Magical Staves
 n - a staff of conjuration
Jewellery
 o - an amulet of magic regeneration
 p - a ring of protection from cold (left hand)
 r - an amulet of reflection (around neck)
 u - a ring of wizardry (right hand)
 z - a +6 ring of intelligence
Wands
 x - a wand of paralysis (7)
 y - a wand of digging (3) {@v3}
Scrolls
 b - 4 scrolls of immolation
 d - 2 scrolls of teleportation {@r3}
 h - a scroll of fear
 i - 3 scrolls of amnesia
 j - 2 scrolls of vulnerability
 l - a scroll of enchant weapon {unknown}
 s - a scroll of magic mapping {@r5}
 A - a scroll of torment {unknown}
 E - a scroll of identify {@r1}
 F - a scroll of enchant armour {unknown}
Potions
 e - 2 potions of heal wounds {@q2}
 f - 2 potions of brilliance
 g - a potion of lignification {unknown}
 k - a potion of degeneration {unknown}
 t - 2 potions of curing {unknown}
 B - a potion of haste {unknown}
 C - a potion of might {unknown}
 D - 2 potions of mutation {unknown}


   Skills:
 + Level 11.6 Fighting
 - Level 4.0 Ranged Weapons
 - Level 1.7 Dodging
 - Level 1.2 Stealth


You had 8 spell levels left.
You didn't know any spells.
Your spell library contained the following spells:

 Spells                   Type           Power      Damage    Failure   Level
 Conjure Flame            Conj/Fire      0%         6-21      56%         3
 Ignite Poison            Fire/Tmut/Pois 0%         N/A       56%         3
 Sticky Flame             Conj/Fire      0%         2d3       91%         4


Dungeon Overview and Level Annotations

Branches:
Dungeon (6/15)              Sewer (visited)
 Temple: D:4-7

Altars:
Elyvilon
Uskayaw
Yredelemnul


Innate Abilities, Weirdness & Mutations

You cannot be hasted, slowed, berserked, paralysed or teleported.
You can dig through walls and to a lower floor.
You have a pair of large antennae on your head. (SInv)
Your four strong arms can wield two-handed weapons with a shield.


Message History

You are too injured to fight recklessly!
You are too injured to fight recklessly!
You are too injured to fight recklessly!
You are too injured to fight recklessly!
You are too injured to fight recklessly!
You are too injured to fight recklessly!
You are too injured to fight recklessly!
You are too injured to fight recklessly!
You are too injured to fight recklessly!
You are too injured to fight recklessly!
You are too injured to fight recklessly!
You are too injured to fight recklessly!
You are too injured to fight recklessly!
You are too injured to fight recklessly!
You are too injured to fight recklessly!
You are too injured to fight recklessly!
You are too injured to fight recklessly!
You are too injured to fight recklessly!
You are too injured to fight recklessly!
You are too injured to fight recklessly!
You are too injured to fight recklessly!
Fire: a) +0 shortbow
Aim: a shadow wraith (durably summoned, slightly transparent, 77% to hit)
You shoot an arrow. The arrow hits the shadow wraith!
You block the phantasmal warrior's attack.
The shadow wraith closely misses you.
Fire: a) +0 shortbow
Aim: a shadow wraith (lightly damaged, durably summoned, slightly transparent, 77% to hit)
You shoot an arrow.
The arrow hits the shadow wraith but does no damage.
The phantasmal warrior hits you!!!
* * * LOW HITPOINT WARNING * * *
You block the shadow wraith's attack.
Fire: a) +0 shortbow
Aim: a shadow wraith (lightly damaged, durably summoned, slightly transparent, 77% to hit)
You shoot an arrow. The arrow hits the shadow wraith.
You block the shadow wraith's attack. The phantasmal warrior hits you!
* * * LOW HITPOINT WARNING * * *
The shadow wraith hits you!
You die...

# #.###. ##
#...# .## #...#
..## ##...##
#..## #.....##
##..####..##..##
##..#...####..##
#.....## ##.W##
##...## ##W@#
#...# ##..#
#....# ##..#
......# #..#
.....#.. ..#
...#####. #..#
..# #. ...# #..#


You could see a shadow wraith (invisible) and a phantasmal warrior.

Vanquished Creatures
  Pikel (D:6)
  An ogre (D:4)
  A necrophage (D:5)
  A scorpion (D:4)
  A hound (D:5)
  4 jellies
  An orc priest (D:5)
  Ijyb (D:4)
  Natasha (thrice) (D:4)
  3 iguanas
  An orc wizard (D:5)
  6 river rats
  9 adders
  3 gnolls (D:3)
  6 worms
  3 orcs
  6 ball pythons
  9 endoplasms
  5 giant cockroaches
  7 hobgoblins
  3 jackals
  4 kobolds
  6 bats (D:1)
  3 frilled lizards
  4 goblins (D:1)
  5 rats
97 creatures vanquished.

Vanquished Creatures (collateral kills)
  3 jellies
  A gnoll (D:3)
  4 worms
  An orc (D:5)
  A ball python (Sewer)
  A giant cockroach (Sewer)
  A frilled lizard (Sewer)
  2 rats (Sewer)
14 creatures vanquished.

Vanquished Creatures (others)
  A lemure (D:6)
  3 scorpions (D:5)
  6 jellies
  A hound (D:5)
  An iguana (D:5)
  An orc wizard (D:6)
  A scorpion zombie (D:4)
  An ufetubus (D:5)
  3 adder zombies
  2 jelly zombies
  A worm (D:5)
  2 orcs
  A bat zombie (D:2)
  3 jackals (D:5)
  A ball python zombie (Sewer)
  An endoplasm zombie (Sewer)
  A giant cockroach zombie (Sewer)
  2 hobgoblin zombies (D:4)
  A jackal zombie (D:4)
  A kobold zombie (D:4)
  A rat zombie (Sewer)
35 creatures vanquished.

Grand Total: 146 creatures vanquished

Notes
Turn   | Place    | Note
-------+----------+-------------------------------------------
     0 | D:1      | Colgate the Formicid Hunter began the quest for the Orb.
     0 | D:1      | Reached XP level 1. HP: 16/16 MP: 1/1
   176 | D:1      | Reached XP level 2. HP: 23/23 MP: 2/2
   178 | D:1      | Reached skill level 3 in Fighting
   895 | D:1      | Reached XP level 3. HP: 29/29 MP: 3/3
  1459 | D:2      | Found a faded altar of an unknown god.
  1467 | D:2      | Prayed at the altar of an unknown god.
  1467 | D:2      | Became a worshipper of Yredelemnul the Dark
  1467 | D:2      | Reached * piety under Yredelemnul
  1579 | D:2      | Reached skill level 4 in Fighting
  1821 | D:2      | Found a hide-covered altar of Uskayaw.
  2025 | D:2      | Reached ** piety under Yredelemnul
  2366 | D:3      | Reached XP level 4. HP: 38/38 MP: 4/4
  2584 | D:3      | Found a white marble altar of Elyvilon.
  2585 | D:3      | Found a hide-covered altar of Uskayaw.
  2863 | D:3      | Reached skill level 5 in Fighting
  2878 | D:3      | Reached XP level 5. HP: 7/44 MP: 5/5
  3431 | D:3      | Identified the +2 spear of Xefamom {flame, Fragile rPois
                  | Int+4}
  3710 | D:4      | Noticed Ijyb
  3728 | D:4      | Killed Ijyb
  3867 | D:4      | Reached skill level 6 in Fighting
  3877 | D:4      | Reached XP level 6. HP: 53/53 MP: 6/6
  4106 | D:4      | Reached skill level 7 in Fighting
  4119 | D:4      | Noticed an ogre
  4130 | D:4      | Killed an ogre
  4327 | D:4      | Noticed Natasha
  4336 | D:4      | Killed Natasha
  4337 | D:4      | Reached XP level 7. HP: 46/61 MP: 7/7
  4667 | D:4      | Noticed Natasha
  4680 | D:4      | Killed Natasha
  4802 | D:4      | Noticed Natasha
  4808 | D:4      | Killed Natasha
  4809 | D:4      | Reached skill level 8 in Fighting
  4926 | D:5      | Entered Level 5 of the Dungeon
  5031 | D:5      | Reached skill level 9 in Fighting
  5072 | D:5      | Reached XP level 8. HP: 57/71 MP: 8/8
  5081 | D:5      | Found a glowing drain.
  5087 | Sewer    | Entered a sewer
  5184 | Sewer    | Reached *** piety under Yredelemnul
  5237 | Sewer    | Found a viscous altar of Jiyva.
  5256 | Sewer    | Fell from the grace of Yredelemnul
  5256 | Sewer    | Became a worshipper of Jiyva Jutinuj the Shapeless
  5980 | D:5      | Reached skill level 10 in Fighting
  6009 | D:5      | Reached * piety under Jiyva
  6746 | D:6      | Noticed Pikel
  6760 | D:6      | Killed Pikel
  6761 | D:6      | Reached skill level 11 in Fighting
  6761 | D:6      | Reached XP level 9. HP: 50/81 MP: 9/9
  6850 | D:6      | Noticed a shadow wraith
  6850 | D:6      | Noticed a phantasmal warrior
  6859 | D:6      | Mangled by a shadow wraith

Illustrated notes

Levels and vault maps discovered:
D:1:      co_arrival_random_square_maze, layout_basic
D:2:      layout_basic, basic_altar, shapermc_ecumenical_altar_pompeii
D:3:      layout_basic, minitemple
D:4:      layout_basic, uniq_ijyb, uniq_natasha
D:5:      layout_loops_corners, lightli_sewer_entry_pipes, lemuel_flame_loot_1
D:6:      layout_layer_cave, okawaru_gym_becter, uniq_blork_the_orc, uniq_pikel,
          uniq_sigmund

Skill      XL: |  1  2  3  4  5  6  7  8 |
---------------+-------------------------+-----
Fighting       | 3 4 5 6 7 9 11 | 11.6
Ranged Weapons | |  4.0
Dodging        | |  1.7
Stealth        | |  1.2

Action                   |  1- 3 |  4- 6 |  7- 9 || total
-------------------------+-------+-------+-------++-------
 Fire: Shortbow          |    83 |    92 |   193 ||   368
Invok: Recall Undead Har |       |       |     1 ||     1
 Abil: Dig               |       |     1 |       ||     1
  Use: Scroll            |     3 |       |     4 ||     7
Armor: Leather armour    |     9 |     9 |    25 ||    43
Dodge: Dodged            |    26 |    23 |    40 ||    89
Block: Buckler           |     1 |    25 |    50 ||    76
